 Dungeon Crawl Stone Soup version 0.30.1-3-gfc49f6343a (webtiles) character file.

Game seed: 14718253847582100709

2543 Almogavar the Carver (level 9, -19/118 (121) HPs)
             Began as a Minotaur Berserker on Aug 6, 2023.
             Was a Priest of Trog.
             Killed from afar by Dowan (21 damage)
             ... with a stone arrow
             ... on level 6 of the Dungeon.
             The game lasted 00:15:50 (5082 turns).

Almogavar the Carver (Minotaur Berserker)           Turns: 5082, Time: 00:15:51

HP:   -19/118 (121) AC:  8    Str: 27    XL:     9   Next: 30%
MP:   8/8           EV: 13    Int:  4    God:    Trog [***...]
Gold: 527           SH:  9    Dex:  9    Spells: 8/8 levels left

rFire   . . .        a - +1 falchion
rCold   . . .        C - +0 buckler
rNeg    . . .        h - +0 steam dragon scales
rPois   .            (helmet restricted)
rElec   .            (no cloak)
rCorr   .            j - +1 pair of gloves
SInv    .            (no boots)
Will    .....        i - amulet of reflection Stlth
                     (no ring)
HPRegen 0.39/turn    (no ring)
MPRegen 0.11/turn

%: reflection
@: berserking, lit by a corona, glowing, lightly drained, very quick
A: horns 2, retaliatory headbutt
a: Renounce Religion, Berserk, Trog's Hand


You were on level 6 of the Dungeon.
You worshipped Trog.
Trog was most pleased with you.
You visited 1 branch of the dungeon, and saw 6 of its levels.

You collected 551 gold pieces.
You spent 24 gold pieces at shops.

Inventory:

Hand Weapons
 a - a +1 falchion (weapon)
 e - a +2 hand axe of flaming
Armour
 c - a +0 cloak of poison resistance
 g - a +1 cloak
 h - +0 steam dragon scales (worn)
 j - a +1 pair of gloves (worn)
 p - a +0 chain mail
 w - the scarf of the Lion {shadows, Will+ Regen+}
   (You found it on level 4 of the Dungeon)

   Regen:     It increases your rate of health regeneration.
   Will:      It increases your willpower.
 C - a +0 buckler (worn)
Jewellery
 i - an amulet of reflection (around neck)
 y - an amulet of regeneration
 B - an amulet of guardian spirit
Wands
 s - a wand of flame (5)
 x - a wand of roots (9)
Scrolls
 b - 2 scrolls of enchant weapon
 f - 3 scrolls of teleportation
 k - 3 scrolls of noise {unknown}
 l - a scroll of enchant armour {unknown}
 n - a scroll of blinking {unknown}
 q - a scroll of fear {unknown}
 A - a scroll of silence {unknown}
Potions
 d - a potion of curing
 m - a potion of berserk rage {unknown}
 o - a potion of brilliance {unknown}
 r - 4 potions of mutation {unknown}
 t - a potion of attraction {unknown}
 u - 3 potions of degeneration {unknown}
 v - a potion of flight {unknown}
 z - 3 potions of ambrosia {unknown}
 D - a potion of invisibility {unknown}


   Skills:
 + Level 7.8 Fighting
 + Level 10.7 Long Blades
 + Level 5.4 Armour
 + Level 5.3 Dodging
 - Level 0.7 Stealth
 + Level 4.6 Shields


You had 8 spell levels left.
You didn't know any spells.
Your spell library was empty.

Dungeon Overview and Level Annotations

Branches:
Dungeon (6/15)             Temple (0/1) D:5

Altars:
Elyvilon
Fedhas
Hepliaklqana
Okawaru
Qazlal
Sif Muna
Yredelemnul

Shops:
D:1 :   D:2 [*?:   D:5 :

Annotations:
D:6 1 runed translucent door, Dowan


Innate Abilities, Weirdness & Mutations

You have a pair of horns on your head.
You reflexively headbutt those who attack you in melee.


Message History

Okay, then.
A red film seems to cover your vision as you go berserk!
You feel yourself moving faster!
You feel mighty! You block Duvessa's attack.
Dowan points at you and mumbles some strange words.
You are outlined in light.
You block the orc priest's attack. Edmund hits you but does no damage.
You feel drained.
You slash Edmund!
Edmund is almost dead.
You block Duvessa's attack. The orc priest barely misses you.
Edmund says, "People will remember me!
They'll remember me and die!"
Edmund hits you but does no damage.
You feel drained.
You hit Edmund. You headbutt Edmund.
You kill Edmund!
Trog accepts your kill. Duvessa hits you but does no damage.
You slash Duvessa!
Duvessa is heavily wounded.
You block Dowan's attack. The orc priest completely misses you.
You block Duvessa's attack.
You barely miss Duvessa.
Duvessa is heavily wounded.
You slash Duvessa!
Duvessa is severely wounded.
Duvessa misses you. You block Dowan's attack.
A jelly comes into view.
The orc priest invokes the aid of Beogh against you.
Beogh smites you!
* * * LOW HITPOINT WARNING * * *
You are too berserk!
The jelly quivers.
You slash Duvessa! You headbutt Duvessa.
You kill Duvessa!
Trog accepts your kill.
Dowan screams, "No!
No!"
Dowan seems to find hidden reserves of power!
Unknown command.
You barely miss Dowan. Dowan gestures at you while chanting.
The stone arrow hits you!!
You die...

#......#.....# ....
##............ ....
##.....#....... .....
##......###..### .....
#...#....##.## J.....
#..###.#.....# #
#...####.##........###
#...).#..#.##.......##
#...)@e....#...>....#.
.....o.)........####....
#..............### #....
##...............####.#.
#...!..........†...#...
#.....##.###............
...... ...#............#
...... .#...............
#...............


You could see Dowan (fast), a jelly and an orc priest.

Vanquished Creatures
  Maggie (D:6)
  Prince Ribbit (D:5)
  Grinder (D:3)
  Edmund (D:6)
  Duvessa (D:6)
  3 ice beasts (D:5)
  An orc warrior (D:5)
  A black bear (D:4)
  A centaur (D:6)
  A phantom (D:6)
  2 scorpions
  6 killer bees (D:6)
  2 hounds
  A jelly (D:6)
  An orc priest (D:5)
  Crazy Yiuf (D:2)
  Jessica (D:2)
  Ijyb (D:3)
  A human zombie (D:6)
  3 orc wizards
  2 iguanas
  Robin (D:4)
  3 gnolls (D:5)
  11 adders
  A shadow imp (D:6)
  A white imp (D:6)
  3 dart slugs
  18 orcs
  10 ball pythons
  7 endoplasms
  A giant cockroach (D:2)
  15 goblins
  10 hobgoblins
  7 jackals
  4 quokkas (D:1)
  7 bats
  3 frilled lizards
  8 kobolds
  8 rats
151 creatures vanquished.

Notes
Turn   | Place    | Note
-------+----------+-------------------------------------------
     0 | D:1      | Almogavar the Minotaur Berserker began the quest for the
                  | Orb.
     0 | D:1      | Reached XP level 1. HP: 19/19 MP: 0/0
   154 | D:1      | Reached skill level 4 in Long Blades
   159 | D:1      | Reached XP level 2. HP: 27/27 MP: 1/1
   224 | D:1      | You fall into a shaft and drop 1 floor!
   262 | D:2      | Found Zamid's Assorted Antiques.
   327 | D:2      | Found Husad's Armour Emporium.
   462 | D:1      | Reached XP level 3. HP: 33/33 MP: 2/2
   463 | D:1      | Reached ** piety under Trog
   576 | D:1      | Found Ismusuad's Book Shoppe.
   987 | D:1      | Found a faded altar of an unknown god.
  1362 | D:2      | Found Nupsatev's Book Shoppe.
  1430 | D:2      | Found a runed translucent door.
  1431 | D:2      | Noticed Crazy Yiuf
  1476 | D:2      | Reached skill level 5 in Long Blades
  1476 | D:2      | Reached XP level 4. HP: 41/41 MP: 3/3
  1907 | D:2      | Found Zuij's Magic Scroll Boutique.
  1918 | D:2      | Bought a scroll of identify for 24 gold pieces
  1922 | D:2      | Noticed Jessica
  1931 | D:2      | Killed Jessica
  2089 | D:2      | Killed Crazy Yiuf
  2090 | D:2      | Reached XP level 5. HP: 44/47 MP: 4/4
  2251 | D:3      | Noticed Grinder
  2259 | D:3      | Killed Grinder
  2260 | D:3      | Reached skill level 6 in Long Blades
  2260 | D:3      | Reached skill level 1 in Shields
  2260 | D:3      | Reached XP level 6. HP: 55/55 MP: 5/5
  2294 | D:3      | Found a shimmering blue altar of Sif Muna.
  2448 | D:4      | Found a stormy altar of Qazlal.
  2557 | D:3      | Found a hazy altar of Hepliaklqana.
  2583 | D:3      | Noticed Ijyb
  2596 | D:3      | Killed Ijyb
  2597 | D:3      | Reached skill level 5 in Fighting
  2694 | D:3      | Found an iron altar of Okawaru.
  2823 | D:4      | Identified the scarf of the Lion {shadows, Will+ Regen+}
  2921 | D:4      | Noticed Robin
  2927 | D:4      | Reached *** piety under Trog
  2958 | D:4      | Killed Robin
  3018 | D:4      | Found a white marble altar of Elyvilon.
  3046 | D:4      | Reached skill level 7 in Long Blades
  3050 | D:4      | Reached XP level 7. HP: 61/61 MP: 6/6
  3462 | D:5      | Entered Level 5 of the Dungeon
  3633 | D:5      | Found a staircase to the Ecumenical Temple.
  3699 | D:5      | Reached skill level 8 in Long Blades
  4007 | D:5      | Found a blossoming altar of Fedhas.
  4019 | D:5      | Reached XP level 8. HP: 70/70 MP: 7/7
  4140 | D:5      | Found Nauly's Tiny Tomes.
  4223 | D:5      | Noticed Prince Ribbit
  4232 | D:5      | Killed Prince Ribbit
  4233 | D:5      | Reached skill level 9 in Long Blades
  4724 | D:6      | Noticed Maggie
  4747 | D:6      | Killed Maggie
  4748 | D:6      | Reached skill level 10 in Long Blades
  4748 | D:6      | Reached skill level 5 in Armour
  4839 | D:6      | Reached XP level 9. HP: 79/79 MP: 8/8
  4857 | D:6      | Reached skill level 5 in Dodging
  5016 | D:6      | Found a runed translucent door.
  5018 | D:6      | Found a basalt altar of Yredelemnul.
  5042 | D:6      | Noticed Edmund
  5046 | D:6      | Noticed Duvessa
  5047 | D:6      | Noticed Dowan
  5077 | D:6      | Killed Edmund
  5080 | D:6      | HP: 1/112 [orc priest/divine providence (10)]
  5081 | D:6      | Killed Duvessa
  5082 | D:6      | Killed from afar by Dowan

Illustrated notes

Levels and vault maps discovered:
D:1:      minmay_arrival_floating_metal, layout_basic, serial_shops, shop,
          hellmonk_ecumenical_altar_defaced_shrine, minmay_indecisive_spiral
D:2:      layout_loops_corners, serial_shops, shop, shop,
          nicolae_shop_back_alley_shop, shop, uniq_jessica,
          uniq_crazy_yiuf_cottage
D:3:      layout_basic, nzn_hepliaklqana_mist_gate, okawaru_gym_becter,
          nicolae_overflow_crystal_walls, minmay_box_of_dots, uniq_ijyb,
          uniq_grinder
D:4:      layout_rooms, amcnicky_altar_gilded, mainiacjoe_overflow_brackets,
          uniq_robin
D:5:      layout_cave_pods, fedhas_altar_3, minmay_temple_entry_arrows,
          nicolae_shop_i_like_small_books_too, nicolae_nh_ransacked_shop,
          uniq_prince_ribbit1
D:6:      layout_cave_pools, dk_yredelemnul_ordeal, uniq_maggie, uniq_duvessa,
          uniq_edmund

Skill      XL: |  1  2  3  4  5  6  7  8  9 |
---------------+----------------------------+-----
Long Blades    | 4 5 6 7 8 10 | 10.7
Fighting       | 4 5 6 7 |  7.8
Armour         | 3 4 5 |  5.4
Dodging        | 3 4 5 |  5.3
Shields        | 1 2 4 |  4.6
Stealth        | |  0.7

Action                     |  1- 3 |  4- 6 |  7- 9 || total
---------------------------+-------+-------+-------++-------
  Melee: Falchion          |   103 |   139 |   281 ||   523
         Headbutt          |    11 |    19 |    38 ||    68
         Punch             |       |     2 |     1 ||     3
 Invoke: Berserk           |     1 |     3 |     6 ||    10
         Trog's Hand       |       |       |     2 ||     2
    Use: Scroll            |     1 |     2 |     1 ||     4
   Stab: Sleeping          |     1 |     1 |       ||     2
 Armour: Animal skin       |     7 |       |       ||     7
         Leather armour    |    24 |    35 |    20 ||    79
         Scale mail        |       |       |    23 ||    23
         Steam dragon scal |       |       |    20 ||    20
  Dodge: Dodged            |    70 |    82 |   149 ||   301
  Block: Other             |     5 |    24 |    37 ||    66
         Reflection        |       |     1 |       ||     1
         Buckler           |       |       |    59 ||    59
